 Dungeon Crawl Stone Soup version 0.30-a0-652-gcc886f7154 (webtiles) character file.

Game seed: 11141616167112327400

46 garrulousMonolith the Gusty (level 3, -3/26 HPs)
             Began as a Gnoll Air Elementalist on Jan 17, 2023.
             Slain by Terence
             ... wielding a +3 heavy hand axe
              (13 damage)
             ... on level 3 of the Dungeon.
             The game lasted 00:01:47 (1951 turns).

garrulousMonolith the Gusty (GnAE)                  Turns: 1951, Time: 00:01:47

Health: -3/26      AC:  2    Str:  7    XL:     3   Next: 68%
Magic:  4/9        EV: 18    Int: 16    God:
Gold:   97         SH:  0    Dex: 12    Spells: 9/12 levels left

rFire   . . .      SeeInvis .    j - +0 dagger
rCold   + . .      Faith    .    (no shield)
rNeg    . . .      Spirit   .    a - +0 robe
rPois   .          Reflect  .    (no helmet)
rElec   .          Harm     .    (no cloak)
rCorr   .          Rampage  .    (no gloves)
Will    .....                    (no boots)
Stlth   ++                       (no amulet)
HPRegen 0.24/turn                q - +5 ring of evasion
MPRegen 0.11/turn                s - ring of protection from cold

@: no status effects
A: fangs 1, strong nose, distributed training
a: no special abilities


You were on level 3 of the Dungeon.
You visited 1 branch of the dungeon, and saw 3 of its levels.

You collected 97 gold pieces.

Inventory:

Hand Weapons
 j - a +0 dagger (weapon)
Missiles
 i - 5 poisoned darts
Armour
 a - a +0 robe (worn)
 d - a +0 ring mail
Jewellery
 q - a +5 ring of evasion (left hand)
 s - a ring of protection from cold (right hand)
 t - a ring of willpower
Scrolls
 f - 2 scrolls of vulnerability {unknown}
 k - a scroll of fog {unknown}
 l - 2 scrolls of identify {unknown}
 m - a scroll of poison {unknown}
 o - a scroll of immolation {unknown}
 p - 2 scrolls of amnesia {unknown}
 r - a scroll of teleportation {unknown}
Potions
 b - a potion of magic
 c - 2 potions of curing {unknown}
 e - 2 potions of attraction {unknown}
 g - a potion of heal wounds {unknown}
 h - a potion of haste {unknown}
 n - 2 potions of cancellation {unknown}


   Skills:
 + Level 1.0 Fighting
 + Level 1.0 Short Blades
 + Level 1.0 Long Blades
 + Level 1.0 Axes
 + Level 1.0 Maces & Flails
 + Level 1.0 Polearms
 + Level 1.0 Staves
 + Level 1.0 Ranged Weapons
 + Level 1.0 Throwing
 + Level 1.0 Armour
 + Level 4.6 Dodging
 + Level 4.2 Stealth
 + Level 1.0 Shields
 + Level 1.0 Unarmed Combat
 + Level 5.0 Spellcasting
 + Level 2.1 Conjurations
 + Level 0.7 Hexes
 + Level 0.7 Summonings
 + Level 0.7 Necromancy
 + Level 0.7 Translocations
 + Level 0.7 Transmutations
 + Level 0.7 Fire Magic
 + Level 0.7 Ice Magic
 + Level 5.4 Air Magic
 + Level 0.7 Earth Magic
 + Level 0.7 Poison Magic
 + Level 1.0 Invocations
 + Level 1.0 Evocations


You had 9 spell levels left.
You knew the following spells:

 Your Spells              Type           Power      Damage    Failure   Level
a - Shock                 Conj/Air       64%        1d7       3%          1
b - Static Discharge      Conj/Air       32%        2-4/arc   4%          2

Your spell library contained the following spells:

 Spells                   Type           Power      Damage    Failure   Level
 Swiftness                Air            21%        N/A       4%          3
 Airstrike                Air            10%        2d(2-18)  16%         4


Dungeon Overview and Level Annotations

Branches:
Dungeon (3/15)

Altars:
Elyvilon
Nemelex Xobeh

Shops:
D:3 [

Annotations:
D:3 Terence


Innate Abilities, Weirdness & Mutations

You have very sharp teeth.
Your uncanny sense of smell can sniff out nearby items.
Your experience applies equally to all skills.


Message History

Your Unarmed Combat skill increases to level 1!
Your Evocations skill increases to level 1!
Why would you want to do that?
Your magical contamination has completely faded away.
You start resting.
Magic restored.
f - 2 scrolls labelled GUMEACW HIKU (gained 1)
t - a ring of willpower
Casting: Shock (safe; 3% risk of failure)
Confirm with . or Enter, or press ? or * to list all spells.
You can't see any susceptible monsters within range! (Use Z to cast anyway.)
You now have 97 gold pieces (gained 13).
Terence the Incautious comes into view.
He is wielding a +3 heavy hand axe and wearing a +4 scale mail of positive energy.
Terence shouts!
You hear an angry hiss.
You see here 15 gold pieces.
Terence is nearby!
Casting: Shock (safe; 3% risk of failure)
Confirm with . or Enter, or press ? or * to list all spells.
Aiming: Shock (safe; 3% risk of failure)
Press: ? - help, Shift-Dir - straight line, f - Terence
Aim: Terence, wielding a +3 heavy hand axe and wearing a +4 scale mail of positive energy (75% to hit)
The zap hits Terence.
Terence is lightly wounded.
Casting: Shock (safe; 3% risk of failure)
Confirm with . or Enter, or press ? or * to list all spells.
Terence is struck by an arc of lightning.
Terence is moderately wounded.
You are struck by an arc of lightning.
The lightning grounds out.
Terence hits you with a +3 heavy hand axe!
Casting: Static Discharge (safe; 4% risk of failure)
Confirm with . or Enter, or press ? or * to list all spells.
Terence is struck by an arc of lightning.
Terence is heavily wounded.
You are struck by an arc of lightning.
Terence is struck by an arc of lightning.
Terence is severely wounded.
The lightning grounds out.
Terence hits you with a +3 heavy hand axe!
Ouch! That really hurt!
You die...

#.#..##....###
#.#........#
#.#...#......
#.##..#.#.####
#.......#.#
####..###.# ####
####..###.# ....#
#.........#.....#
........#..@@.....#
.##..##.#..##.....#
#.. ..#..# ....#
#..#.##.... #### #.
#. .......
...###.###.# #.. ..
∆# ## ... ...#


You could see Terence.

Vanquished Creatures
  An adder (D:2)
  An orc (D:3)
  4 ball pythons
  3 endoplasms
  3 giant cockroaches
  2 hobgoblins
  2 kobolds
  2 quokkas
  2 bats (D:1)
  2 frilled lizards (D:1)
  6 goblins
  4 rats (D:2)
  A spectral hobgoblin (D:1)
33 creatures vanquished.

Notes
Turn   | Place    | Note
-------+----------+-------------------------------------------
     0 | D:1      | garrulousMonolith the Gnoll Air Elementalist began the
                  | quest for the Orb.
     0 | D:1      | Reached XP level 1. HP: 13/13 MP: 6/6
   241 | D:1      | Found a faded altar of an unknown god.
   344 | D:1      | Reached XP level 2. HP: 19/19 MP: 2/7
  1054 | D:2      | Learned a level 2 spell: Static Discharge
  1156 | D:2      | Reached skill level 5 in Spellcasting
  1156 | D:2      | Reached XP level 3. HP: 24/25 MP: 1/9
  1476 | D:2      | Reached skill level 1 in Invocations
  1803 | D:3      | Found Quqiosism's Antique Armour Shop.
  1891 | D:3      | Found a sparkling altar of Nemelex Xobeh.
  1891 | D:3      | Found a white marble altar of Elyvilon.
  1901 | D:3      | Reached skill level 1 in Fighting
  1901 | D:3      | Reached skill level 1 in Short Blades
  1901 | D:3      | Reached skill level 1 in Long Blades
  1901 | D:3      | Reached skill level 1 in Axes
  1901 | D:3      | Reached skill level 1 in Maces & Flails
  1901 | D:3      | Reached skill level 1 in Polearms
  1901 | D:3      | Reached skill level 1 in Staves
  1901 | D:3      | Reached skill level 1 in Ranged Weapons
  1901 | D:3      | Reached skill level 1 in Throwing
  1901 | D:3      | Reached skill level 1 in Armour
  1901 | D:3      | Reached skill level 1 in Shields
  1901 | D:3      | Reached skill level 1 in Unarmed Combat
  1901 | D:3      | Reached skill level 1 in Evocations
  1947 | D:3      | Noticed Terence
  1951 | D:3      | Slain by Terence

Illustrated notes

Levels and vault maps discovered:
D:1:      scummos_arrival_simple_crosswalls, layout_loops_ring,
          dreamdust_ecumenical_altar_drowned_temple, supply_closet_lemuel
D:2:      layout_rooms
D:3:      layout_loops_cross, nicolae_overflow_two_pavilions, serial_shops,
          shop, minmay_misc_feat_enclosed, kennysheep_cross_bottleneck,
          minmay_quantized, uniq_terence

Skill      XL: |  1  2  3 |
---------------+----------+-----
Conjurations   | 2 |  2.1
Spellcasting   | 5 |  5.0
Invocations    | 1 |  1.0
Fighting       | 1 |  1.0
Short Blades   | 1 |  1.0
Long Blades    | 1 |  1.0
Axes           | 1 |  1.0
Maces & Flails | 1 |  1.0
Polearms       | 1 |  1.0
Staves         | 1 |  1.0
Ranged Weapons | 1 |  1.0
Throwing       | 1 |  1.0
Armour         | 1 |  1.0
Shields        | 1 |  1.0
Unarmed Combat | 1 |  1.0
Evocations     | 1 |  1.0
Dodging        | |  4.6
Stealth        | |  4.2
Hexes          | |  0.7
Summonings     | |  0.7
Necromancy     | |  0.7
Translocations | |  0.7
Transmutations | |  0.7
Fire Magic     | |  0.7
Ice Magic      | |  0.7
Air Magic      | |  5.4
Earth Magic    | |  0.7
Poison Magic   | |  0.7

Action                   || total
-------------------------++-------
Melee: Dagger            ||     4
 Cast: Shock             ||    81
       Static Discharge  ||     2
Armor: Robe              ||     3
Dodge: Dodged            ||     9

Table legend: (Time is in decaauts)
 A = Elapsed time spent in this place.
 B = Non-inter-level travel time spent in this place.
 C = Inter-level travel time spent in this place.
 D = Time resting spent in this place.
 E = Time spent auto-exploring this place.
 F = Levels seen in this place.
 G = Mean time per level.
                   A        B        C        D        E       F      G
               +--------+--------+--------+--------+--------+-----+--------+
         Total |   1957 |   1885 |     72 |    102 |   1580 |   3 |  652.3 |
       Dungeon |   1957 |   1885 |     72 |    102 |   1580 |   3 |  652.3 |
               +--------+--------+--------+--------+--------+-----+--------+

Top non-repeatable levels by time:
     D:1: 1055 daAuts
     D:2: 739 daAuts
     D:3: 161 daAuts
